cohdb
Replays
Latest Replays
All Replays
Popular Replays
Top Player Replays
Match Explorer
How It Works
Community
CoH3 Stats
Reddit
Sign in to upload your games and track your stats! →
Sign in with Steam
Match 43219244
Unlisted
Match 43219244
Overview
Messages
Build Orders
End
Panzergrenadier Squad
250 Light Carrier
250 Light Carrier
Construct Light Support Kompanie
Combat Half-tracks
Fire Support Elements
Selects Armored Support Battlegroup
Selects Superior Fire Drills
Vehicle Survival Package
Tungsten Core Ammunition
Assault Mechanized Group
Construct Mechanized Kompanie
Emergency Repair Kits
254 Reconnaissance Tractor
Marder III Tank Destroyer
le.IG 18 Mechanized Group
Flakvierling Half-track
Rapid Advance
Marder III Tank Destroyer
Construct Panzerarmee Kommand
Selects Salvage Kits
Selects Panzer Storm
Selects Stuka Dive Bomb
Flak 36 Anti-tank Gun Team
18-tonne Recovery Half-track
Flak 36 Anti-tank Gun Team
MG34 Team
Assault Mechanized Group
MG34 Team
Panzer III L Medium Tank
Cappie
Earthdog
BES2
Dahlian
Bish Bash Bosh
Humbarwhy
0
0
Comments
sign in to comment!
No comments posted yet!